 Dungeon Crawl Stone Soup version 0.27-a0-686-gaed091b46b (webtiles) character file.

Game seed: 14933723057444119672

15780 sleeves the Summoner (level 11, -3/92 HPs)
             Began as a Demigod Fighter on Mar 20, 2021.
             Slain by Jorgrun
             ... wielding a staff of earth
              (6 damage)
             ... while petrified by Jorgrun
             ... on level 12 of the Dungeon.
             The game lasted 00:42:51 (23726 turns).

sleeves the Summoner (Demigod Fighter)             Turns: 23726, Time: 00:42:52

Health: -3/92      AC:  6    Str: 23    XL:     11   Next: 73%
Magic:  34/34      EV:  2    Int: 24    God:
Gold:   586        SH:  0    Dex: 13    Spells: 7/24 levels left

rFire    . . .     SeeInvis .   L - +1 hand axe (elec)
rCold    + . .     Faith    .   (no shield)
rNeg     + + +     Spirit   .   p - +1 robe {Archmagi}
rPois    ∞         Reflect  .   (no helmet)
rElec    +         Harm     .   (no cloak)
rCorr    .         Rampage  .   D - +1 pair of gloves "Zapnal" {Str+6 Int+2}
Will     +....                  q - +0 pair of boots of the Morning Star {rElec rPois Stlth-}
Stlth    ..........             (no amulet)
HPRegen  0.25/turn              y - ring of magical power
MPRegen  0.24/turn              A - +4 ring of evasion

@: petrified
A: high mp 1, forlorn, blink, cold resistance 1, MP-powered wands
a: Blink


You were on level 12 of the Dungeon.
You visited 1 branch of the dungeon, and saw 12 of its levels.
You also visited: Ossuary.

You collected 586 gold pieces.

Inventory:

Hand Weapons
 F - a +4 broad axe of electrocution
   (You took it off a death knight on level 12 of the Dungeon)
 J - a +2 war axe of flaming
   (You took it off an orc priest on level 8 of the Dungeon)
 L - a +1 hand axe of electrocution (weapon)
   (You took it off an orc on level 10 of the Dungeon)
Armour
 c - a +0 kite shield
 f - a +1 pair of boots of flying
   (You found it on level 1 of the Dungeon)
 p - a +1 robe of the Archmagi (worn)
   (You took it off Jessica on level 3 of the Dungeon)
 q - the +0 pair of boots of the Morning Star (worn) {rElec rPois Stlth-}
   (You found it on level 9 of the Dungeon)

   It insulates you from electricity.
   It protects you from poison.
   It makes you less stealthy.
 D - the +1 pair of gloves "Zapnal" (worn) {Str+6 Int+2}
   (You found it on level 11 of the Dungeon)

   It affects your strength (+6).
   It affects your intelligence (+2).
Magical Staves
 x - a staff of air
   (You found it on level 6 of the Dungeon)
 K - a staff of fire
   (You found it on level 9 of the Dungeon)
Jewellery
 b - a ring of willpower
   (You found it on level 12 of the Dungeon)
 y - a ring of magical power (right hand)
   (You found it on level 6 of the Dungeon)
 A - a +4 ring of evasion (left hand)
   (You found it on level 6 of the Dungeon)
Wands
 a - a wand of paralysis (11)
   (You found it on level 8 of the Dungeon)
 s - a wand of flame (14)
   (You found it on level 5 of the Dungeon)
 C - a wand of random effects (10)
   (You found it on level 6 of the Dungeon)
 I - a wand of iceblast (6)
   (You found it on level 7 of the Dungeon)
 M - a wand of polymorph (4)
   (You found it on level 12 of the Dungeon)
Scrolls
 e - a scroll of torment {unknown}
 g - a scroll of holy word {unknown}
 i - 7 scrolls of teleportation
 j - a scroll of amnesia
 k - a scroll of enchant weapon
 l - a scroll of silence
 m - 2 scrolls of immolation {unknown}
 n - a scroll of magic mapping
 o - a scroll of acquirement {unknown}
 t - 3 scrolls of blinking
 v - a scroll of fear
 E - 3 scrolls of enchant armour
 H - a scroll of fog
Potions
 d - 2 potions of might
 h - 3 potions of heal wounds
 r - a potion of attraction {unknown}
 u - a potion of flight {unknown}
 w - a potion of brilliance
 z - 3 potions of curing
 B - a potion of invisibility {unknown}
 G - 2 potions of haste


   Skills:
 + Level 7.3 Fighting
 - Level 3.0 Axes
 - Level 2.6 Armour
 - Level 2.6 Shields
 + Level 7.0 Spellcasting
 - Level 7.3 Conjurations
 - Level 10.0 Summonings
 - Level 8.0 Air Magic


You had 7 spell levels left.
You knew the following spells:

 Your Spells              Type           Power      Damage    Failure   Level
a - Magic Dart            Conj           100%       1d8       1%          1
b - Blink                 Tloc           N/A        N/A       11%         2
c - Dazzling Flash        Conj/Hex       78%        N/A       4%          3
d - Summon Lightning Spi  Summ/Air       67%        N/A       1%          4
e - Call Canine Familiar  Summ           71%        N/A       1%          3
f - Summon Ice Beast      Ice/Summ       48%        N/A       9%          4

Your spell library contained the following spells:

 Spells                   Type           Power      Damage    Failure   Level
 Summon Small Mammal      Summ           100%       N/A       1%          1
 Call Imp                 Summ           71%        N/A       1%          2
 Mephitic Cloud           Conj/Pois/Air  49%        N/A       2%          3
 Summon Guardian Golem    Hex/Summ       48%        N/A       2%          3
 Conjure Flame            Conj/Fire      39%        6-21      4%          3
 Corona                   Hex            13%        N/A       7%          1
 Ensorcelled Hibernation  Hex/Ice        24%        N/A       11%         2
 Slow                     Hex            12%        N/A       11%         2
 Confusing Touch          Hex            12%        N/A       22%         3
 Tukima's Dance           Hex            12%        N/A       22%         3


Dungeon Overview and Level Annotations

Branches:
Dungeon (12/15)            Temple (0/1) D:6            Lair (0/6) D:10
    Orc (0/2) D:11        Ossuary (visited)

Shops:
D:1 =!   D:3 (   D:4 [   D:6 *

Annotations:
D:10 5 transporters
D:12 Jorgrun


Innate Abilities, Weirdness & Mutations

Your attributes grow dramatically as you level up.
You have an increased reservoir of magic. (+10% MP)
You shall have no god before yourself.
You can translocate small distances at will.
Your flesh is cold resistant. (rC+)
You expend magic power (3 MP) to strengthen your wands.


Message History

A quokka is nearby!
A quokka is nearby!
You slash the quokka! Lightning courses through the quokka!
You kill the quokka!
No target in view!
No target in view!
There is a strange disturbance nearby!
There is a strange disturbance nearby!
There is a strange disturbance nearby!
You swap places.
Something hits your warg.
Your warg bites something but does no damage.
Something hits your warg!
Your warg bites something!
Something hits your warg but does no damage.
Something hits your warg.
Your warg bites something!
Something hits your warg. Something hits you but does no damage.
Deactivating autopickup; reactivate with Ctrl-A.
Your warg bites something!
You hit something but do no damage. Lightning courses through something!
Reactivating autopickup.
You feel a bit more experienced.
You swap places.
Your warg disappears in a puff of smoke!
A vampire comes into view.
The vampire throws a stone.
The stone closely misses you.
A vampire is nearby!
A vampire is nearby!
A vampire is nearby!
Casting: Call Canine Familiar (safe; 1% risk of failure)
Confirm with . or Enter, or press ? or * to list all spells.
You feel a surge of power!
The vampire throws a stone.
The stone closely misses you.
Casting: Call Canine Familiar (safe; 1% risk of failure)
Confirm with . or Enter, or press ? or * to list all spells.
You feel a surge of power!
An electric hum fills the air.
The vampire throws a stone.
The stone hits your lightning spire but does no damage.
The vampire closely misses your warg. The vampire bites your warg!
Your warg bites the vampire.
Your lightning spire shoots out a bolt of lightning at the vampire!
The bolt of electricity hits the vampire.
You hear an angry hiss.
What are your orders? t - Shout!
Orders for allies: a - Attack new target. r - Retreat! s - Stop attacking. g - Guard the area. f - Follow me.
Anything else - Cancel.
Okay, then.
Your warg barely misses the vampire.
The vampire throws a stone.
The stone misses your warg. The stone hits you!
Your lightning spire shoots out a bolt of lightning at the vampire!
The bolt of electricity hits the vampire!
Your warg bites the vampire!
The vampire barely misses your warg. The vampire bites your warg!
Your warg bites the vampire but does no damage.
The vampire gestures at itself while chanting.
The vampire flickers and vanishes!
Deactivating autopickup; reactivate with Ctrl-A.
Your warg misses something.
Your warg bites something!
Reactivating autopickup.
You feel a bit more experienced.
An iguana comes into view.
Your warg misses the iguana.
The iguana hisses menacingly.
The iguana barely misses your warg.
Your warg bites the iguana!
The iguana barely misses your warg.
Your warg bites the iguana!
The iguana dies!
A sky beast appears from thin air!
A sky beast comes into view. x2
A sky beast is nearby!
A sky beast is nearby!
A sky beast is nearby!
The sky beast hits your warg. The sky beast shocks your warg.
Your warg bites the sky beast!
The sky beast hits your warg.
Your warg dies!
Your warg's corpse disappears in a puff of smoke!
Casting: Summon Lightning Spire (dangerous; 2% risk of failure)
Confirm with . or Enter, or press ? or * to list all spells.
You feel a surge of power! The sky beast barely misses you.
You slash the sky beast!
The sky beast is severely wounded.
Your lightning spire disappears in a puff of smoke!
The sky beast misses you.
You hit the sky beast.
The sky beast is almost dead.
Your warg closely misses the sky beast.
The sky beast misses you.
You hit the sky beast.
The sky beast is almost dead.
Your warg barely misses the sky beast.
The sky beast hits you but does no damage.
Your warg bites the sky beast!
The sky beast dies!
No target in view!
Found a falchion.
You now have 577 gold pieces (gained 13).
You see here 13 stones.
You now have 586 gold pieces (gained 9).
You swap places.
Found 16 stones.
An orc comes into view. It is wielding a +2 hand axe of venom.
Unknown command.
Casting: Call Canine Familiar (safe; 1% risk of failure)
Confirm with . or Enter, or press ? or * to list all spells.
You feel a surge of power!
An electric hum fills the air.
The orc shouts!
An orc comes into view. It is wielding a +0 hand axe.
The orc shouts!
A quokka comes into view.
A bullfrog and an orc come into view.
The orc shouts!
The orc hits you but does no damage.
You are poisoned.
You slash the orc!
You kill the orc!
You feel sick.
A scorpion comes into view.
A slime creature comes into view.
Your warg bites the orc!
The orc dies!
An orc comes into view. It is wielding a +0 war axe.
The orc shouts!
A slime creature comes into view.
Items here: )) [ †.
Casting: Summon Lightning Spire (dangerous; 2% risk of failure)
Confirm with . or Enter, or press ? or * to list all spells.
You feel a surge of power!
An electric hum fills the air.
You feel sick.
Your lightning spire disappears in a puff of smoke!
The quokka bites you but does no damage.
The bullfrog barely misses you.
You hit the bullfrog but do no damage. Lightning courses through the bullfrog!
The bullfrog is heavily wounded.
You closely miss the quokka.
The quokka bites you but does no damage.
The bullfrog closely misses you.
A jelly comes into view.
Your warg bites the quokka!
The quokka dies!
Your lightning spire shoots out a bolt of lightning at the bullfrog!
The bolt of electricity hits the orc!!
The orc dies!
The bolt of electricity hits the bullfrog!
The bullfrog dies!
The jelly moves out of view.
A slime creature comes into view.
The slime creature quivers.
The jelly quivers.
A slime creature comes into view.
Your lightning spire shoots out a bolt of lightning at the slime creature!
The bolt of electricity hits the slime creature!
A slime creature comes into view.
You feel sick.
The slime creature moves out of view.
Items here: )) [ †.
Two slime creatures merge to form a large slime creature.
Your lightning spire shoots out a bolt of lightning at the slime creature!
The bolt of electricity hits the slime creature!!
You feel sick. The slime creature misses your warg.
Your lightning spire shoots out a bolt of lightning at the slime creature!
The bolt of electricity hits the slime creature!
What are your orders? t - Shout!
Orders for allies: a - Attack new target. r - Retreat! s - Stop attacking. g - Guard the area. f - Follow me.
Anything else - Cancel.
Gang up on whom?
Press: ? - help, Dir - move target, f - orc
Aim: an orc, wielding a +0 war axe Attack!
A slime creature suddenly becomes a large slime creature.
Your warg bites the orc!
The orc dies!
The slime creature hits your lightning spire but does no damage.
Your lightning spire shoots out a bolt of lightning at the slime creature!
The bolt of electricity hits the slime creature!
The bolt of electricity hits the large slime creature!!
The bolt of electricity hits your warg!
Your warg bites the large slime creature!
The slime creature hits your lightning spire but does no damage.
You feel sick.
Your warg bites the slime creature.
The slime creature hits your warg!
You hit the large slime creature.
Lightning courses through the large slime creature!
The large slime creature is moderately wounded.
Your warg bites the slime creature!
The slime creature closely misses your warg.
The large slime creature hits you!!
Your warg bites the slime creature!
The slime creature dies!
Your lightning spire shoots out a bolt of lightning at the large slime creature!
The bolt of electricity hits the large slime creature!
You feel sick.
You are no longer poisoned.
The large slime creature jiggles.
Your warg barely misses the large slime creature.
Your warg bites the large slime creature!
Your warg bites the large slime creature!
Your warg bites the large slime creature!
Your warg bites the large slime creature!
Casting: Summon Lightning Spire (dangerous; 1% risk of failure)
Confirm with . or Enter, or press ? or * to list all spells.
You feel a surge of power!
Your warg disappears in a puff of smoke!
The large slime creature barely misses you.
Your warg bites the large slime creature.
Your warg bites the large slime creature! x2
A large slime creature splits.
Your warg bites the slime creature!
The slime creature dies!
Things that are here:
a +0 giant club; a +0 robe Your warg bites the slime creature.
Casting: Call Canine Familiar (safe; 1% risk of failure)
Confirm with . or Enter, or press ? or * to list all spells.
You feel a surge of power!
An electric hum fills the air.
Your warg bites the slime creature!
The slime creature dies!
Your Spellcasting skill increases to level 6!
Your warg bites the large slime creature!
The large slime creature hits your warg!!
Your warg bites the large slime creature.
Your lightning spire shoots out a bolt of lightning at the large slime creature!
The bolt of electricity hits the large slime creature!
The bolt of electricity hits the scorpion!
The large slime creature closely misses your warg.
Your warg bites the large slime creature.
Your warg completely misses the large slime creature.
Your lightning spire shoots out a bolt of lightning at the large slime creature!
The bolt of electricity hits the large slime creature!
The bolt of electricity hits the scorpion!
The scorpion dies!
Your warg completely misses the large slime creature.
Your warg bites the large slime creature!
Your warg bites the large slime creature!
A large slime creature splits.
Your warg bites the slime creature!
The slime creature barely misses your warg.
Your warg bites the slime creature!
The slime creature completely misses your lightning spire.
The slime creature hits your warg!
Your warg dies!
Your warg's corpse disappears in a puff of smoke!
Your lightning spire shoots out a bolt of lightning at the slime creature!
The bolt of electricity hits the slime creature!!
The slime creature dies!
The slime creature hits your lightning spire.
The slime creature hits your lightning spire!!
The slime creature hits your lightning spire!
The slime creature hits your lightning spire but does no damage.
The slime creature hits your lightning spire!
Your lightning spire is destroyed!
Casting: Summon Lightning Spire (dangerous; 1% risk of failure)
Confirm with . or Enter, or press ? or * to list all spells.
You feel a surge of power!
You swap places.
Your warg barely misses the slime creature.
The slime creature hits your warg!
Your warg bites the slime creature!
The slime creature misses your warg.
Your warg bites the slime creature.
The slime creature hits your warg.
Your warg bites the slime creature. x2; The slime creature hits your warg!
Your warg bites the slime creature but does no damage.
The slime creature barely misses your warg.
Your warg bites the slime creature!
The slime creature hits your warg!!
Your warg dies!
Your warg's corpse disappears in a puff of smoke!
Casting: Call Canine Familiar (safe; 1% risk of failure)
Confirm with . or Enter, or press ? or * to list all spells.
You feel a surge of power!
Your warg bites the slime creature.
The slime creature hits your warg!!
Your warg bites the slime creature.
The slime creature hits your warg!
Your warg dies!
Your warg's corpse disappears in a puff of smoke!
The slime creature quivers.
Casting: Call Canine Familiar (safe; 1% risk of failure)
Confirm with . or Enter, or press ? or * to list all spells.
You feel a surge of power!
You swap places.
Your warg bites the slime creature!
Your warg bites the slime creature.
The slime creature dies!
Key pressed, stopping explore.
The jelly quivers.
A jelly is nearby!
A jelly is nearby!
You slash the jelly!
Your hands burn!
The jelly is heavily wounded.
The jelly hits you. The acid corrodes you!
You are splashed with acid!
The jelly completely misses you.
You hit the jelly. Lightning courses through the jelly!
You kill the jelly!
No target in view!
Your warg disappears in a puff of smoke!
You are no longer corroded.
An orc comes into view. It is wielding a +0 war axe.
An orc is nearby!
An orc is nearby!
An orc is nearby!
The orc shouts!
An orc priest comes into view. It is wielding a +0 hand axe.
The orc priest shouts!
You closely miss the orc.
An orc comes into view. It is wielding a +0 flail.
The orc barely misses you.
You closely miss the orc.
The orc shouts!
An orc comes into view. It is wielding a +0 falchion.
The orc closely misses you.
The orc priest calls down the wrath of Beogh upon you.
Beogh smites you!
The orc priest invokes the aid of Beogh against you.
Beogh smites you!
Casting: Call Canine Familiar (safe; 1% risk of failure)
Confirm with . or Enter, or press ? or * to list all spells.
You feel a surge of power!
The orc shouts!
The orc closely misses you.
Casting: Call Canine Familiar (safe; 1% risk of failure)
Confirm with . or Enter, or press ? or * to list all spells.
You feel a surge of power!
An electric hum fills the air.
The orc closely misses you.
Your warg bites the orc.
Your lightning spire shoots out a bolt of lightning at the orc!
The bolt of electricity hits the orc!
The orc dies!
Your lightning spire shoots out a bolt of lightning at the orc!
The bolt of electricity hits the orc.
The orc hits your lightning spire with a +0 flail!
The orc hits your lightning spire but does no damage.
The orc barely misses your lightning spire.
Your warg closely misses the orc.
Your warg bites the orc!
The orc dies!
The orc barely misses your warg.
You slash the orc priest!
The orc priest is heavily wounded.
The orc priest closely misses you. The orc priest barely misses your warg.
The orc closely misses your warg.
Your warg bites the orc priest!
The orc priest dies!
Your lightning spire shoots out a bolt of lightning at the orc!
The bolt of electricity hits the orc!!
The orc dies!
You see here a +0 hand axe.
You swap places.
Your lightning spire disappears in a puff of smoke!
Key pressed, stopping explore.
Things that are here:
a +0 falchion; an orc corpse
Items here: )) ††.
Things that are here:
a +0 war axe; an orc skeleton
a - a wand of paralysis (11) (gained 6 charges)
Things that are here:
a +0 mace; an orc skeleton
Found a stone staircase leading down.
A boulder beetle comes into view.
A boulder beetle is nearby!
A boulder beetle is nearby!
Casting: Summon Lightning Spire (mildly dangerous; 1% risk of failure)
Confirm with . or Enter, or press ? or * to list all spells.
You feel a surge of power!
An electric hum fills the air.
What are your orders? t - Shout!
Orders for allies: a - Attack new target. r - Retreat! s - Stop attacking. g - Guard the area. f - Follow me.
Anything else - Cancel.
Gang up on whom?
Press: ? - help, Dir - move target, f - boulder beetle
Aim: a boulder beetle (ally target) Attack!
Your warg bites the boulder beetle but does no damage.
A death knight comes into view. It is wielding a +1 great mace.
The boulder beetle barely misses your warg.
Your warg bites the boulder beetle but does no damage.
Your warg bites the boulder beetle.
The boulder beetle curls into a ball and begins rolling!
Your lightning spire shoots out a bolt of lightning at the boulder beetle!
The bolt of electricity hits the boulder beetle!! x2
Your warg bites the boulder beetle but does no damage.
Your warg bites the boulder beetle but does no damage.
The boulder beetle hits your warg.
The boulder beetle stops rolling and uncurls.
Your warg bites the boulder beetle but does no damage.
The boulder beetle bites your warg!!
Your warg dies!
Your warg's corpse disappears in a puff of smoke!
Your lightning spire shoots out a bolt of lightning at the boulder beetle!
The bolt of electricity hits the boulder beetle!
Your lightning spire shoots out a bolt of lightning at the boulder beetle!
The bolt of electricity hits the boulder beetle!
The boulder beetle bites your lightning spire.
Your lightning spire shoots out a bolt of lightning at the boulder beetle!
The bolt of electricity hits the boulder beetle!
The boulder beetle dies!
The death knight offers itself to Yredelemnul, and fills with unholy energy.
Things that are here:
a +0 hand axe; a +0 scale mail; a +2 hand axe of venom
Casting: Summon Lightning Spire (mildly dangerous; 1% risk of failure)
Confirm with . or Enter, or press ? or * to list all spells.
You feel a surge of power!
Your lightning spire shoots out a bolt of lightning at the death knight!
The bolt of electricity hits the death knight!!
Your lightning spire suffers a backlash!
Your lightning spire shoots out a bolt of lightning at the death knight!
The bolt of electricity hits the death knight!
Your lightning spire suffers a backlash!
Your warg bites the death knight.
Your warg suffers a backlash!
Things that are here:
a +0 war axe; an orc skeleton
Casting: Call Canine Familiar (safe; 1% risk of failure)
Confirm with . or Enter, or press ? or * to list all spells.
You feel a surge of power!
An electric hum fills the air.
Your warg bites the death knight!
Your warg suffers a backlash!
Your warg bites the death knight but does no damage.
Your warg completely misses the death knight.
The death knight hits your lightning spire with a +1 great mace!!
Your warg closely misses the death knight.
Your lightning spire shoots out a bolt of lightning at the death knight!
The bolt of electricity hits the death knight!
Your lightning spire suffers a backlash!
The death knight hits your lightning spire with a +1 great mace!
Your warg barely misses the death knight.
Your lightning spire shoots out a bolt of lightning at the death knight!
The bolt of electricity hits the death knight!!
The death knight dies!
Your lightning spire suffers a backlash!
Your lightning spire is destroyed!
You swap places.
You see here a +0 war axe.
Items here: ))) [[.
Something hits you!
Deactivating autopickup; reactivate with Ctrl-A.
Something hits you! Something hits you! Something barely misses you.
Something hits you! Something hits you. Something hits you but does no damage.
Your warg bites something but does no damage.
You closely miss something.
Something hits you but does no damage. x2
Your warg bites something!
Something hits your warg but does no damage.
Something hits your warg. x2; Your warg bites something!
Something barely misses your warg. x2
Your warg completely misses something.
Something closely misses your warg.
Your warg bites something.
Something hits your warg. Something completely misses your warg.
Something hits your warg.
Your warg bites something!
Your warg bites something!
Reactivating autopickup.
You feel a bit more experienced.
A brown ugly thing comes into view.
A brown ugly thing is nearby!
A brown ugly thing is nearby!
Casting: Summon Lightning Spire (mildly dangerous; 1% risk of failure)
Confirm with . or Enter, or press ? or * to list all spells.
You feel a surge of power!
An electric hum fills the air.
The brown ugly thing gurgles horribly!
A brown ugly thing is nearby!
What are your orders? t - Shout!
Orders for allies: a - Attack new target. r - Retreat! s - Stop attacking. g - Guard the area. f - Follow me.
Anything else - Cancel.
Okay, then.
Okay, then.
What are your orders? t - Shout!
Orders for allies: a - Attack new target. r - Retreat! s - Stop attacking. g - Guard the area. f - Follow me.
Anything else - Cancel.
Gang up on whom?
Press: ? - help, Dir - move target, f - brown ugly thing
Aim: a brown ugly thing (ally target) Attack!
Your lightning spire shoots out a bolt of lightning at the brown ugly thing!
The bolt of electricity hits the brown ugly thing!!
A brown ugly thing is nearby!
A brown ugly thing is nearby!
A brown ugly thing is nearby!
You can't see any susceptible monsters within range! (Use Z to cast anyway.)
The brown ugly thing misses your warg.
Your warg closely misses the brown ugly thing.
Your warg bites the brown ugly thing but does no damage.
The brown ugly thing claws your warg but does no damage.
Your warg misses the brown ugly thing.
The brown ugly thing barely misses your warg.
Your warg bites the brown ugly thing but does no damage.
The brown ugly thing barely misses your warg.
Your warg bites the brown ugly thing.
The brown ugly thing misses your warg.
Your warg bites the brown ugly thing but does no damage.
Your warg bites the brown ugly thing!
The brown ugly thing barely misses your warg.
Your warg barely misses the brown ugly thing.
The brown ugly thing claws your warg!
Your warg is splashed with acid.
The acid corrodes your warg!
Your warg barely misses the brown ugly thing.
The brown ugly thing claws your warg!
Your warg is splashed with acid.
Your warg seems to be corroded for longer.
Your warg dies!
Your warg's corpse disappears in a puff of smoke!
Casting: Summon Lightning Spire (mildly dangerous; 1% risk of failure)
Confirm with . or Enter, or press ? or * to list all spells.
You feel a surge of power!
An electric hum fills the air.
Your lightning spire disappears in a puff of smoke!
The brown ugly thing barely misses you.
Casting: Summon Lightning Spire (mildly dangerous; 1% risk of failure)
Confirm with . or Enter, or press ? or * to list all spells.
You feel a surge of power! The brown ugly thing claws you.
The acid corrodes you!
You are splashed with acid!
You hit the brown ugly thing but do no damage.
Lightning courses through the brown ugly thing!
The brown ugly thing is heavily wounded.
The brown ugly thing misses you.
You closely miss the brown ugly thing.
The brown ugly thing is heavily wounded.
Your warg barely misses the brown ugly thing.
The brown ugly thing closely misses you.
Your warg bites the brown ugly thing!
The brown ugly thing closely misses you.
Your warg bites the brown ugly thing!
Your warg barely misses the brown ugly thing.
Your lightning spire shoots out a bolt of lightning at the brown ugly thing!
The bolt of electricity hits the brown ugly thing! x2
The brown ugly thing dies!
Training target 10.0 for Summonings reached!
Your Summonings skill increases to level 10!
You are no longer corroded.
Your lightning spire disappears in a puff of smoke!
Key pressed, stopping explore.
Your warg disappears in a puff of smoke!
Found a plate armour.
A wraith comes into view.
A wraith is nearby!
A scorpion comes into view.
Found an executioner's axe.
Casting: Call Canine Familiar (safe; 1% risk of failure)
Confirm with . or Enter, or press ? or * to list all spells.
You feel a surge of power!
An electric hum fills the air.
Casting: Summon Lightning Spire (mildly dangerous; 1% risk of failure)
Confirm with . or Enter, or press ? or * to list all spells.
You feel a surge of power!
Your warg closely misses the scorpion.
Your warg completely misses the scorpion.
The scorpion barely misses you.
Your lightning spire shoots out a bolt of lightning at the scorpion!
The bolt of electricity hits the scorpion!
Your warg bites the scorpion!
The scorpion dies!
Your lightning spire shoots out a bolt of lightning at the wraith!
The bolt of electricity hits the wraith!!
Your lightning spire shoots out a bolt of lightning at the wraith!
The bolt of electricity hits the wraith!!
The wraith is destroyed!
Your lightning spire disappears in a puff of smoke!
You swap places.
Things that are here:
a +0 flail; a +0 war axe Your warg disappears in a puff of smoke!
Found an escape hatch in the floor.
A wyvern zombie comes into view.
A wyvern zombie is nearby!
Casting: Call Canine Familiar (safe; 1% risk of failure)
Confirm with . or Enter, or press ? or * to list all spells.
You don't know that spell.
Unknown command.
Casting: Call Canine Familiar (safe; 1% risk of failure)
Confirm with . or Enter, or press ? or * to list all spells.
You feel a surge of power! The wyvern zombie bites your warg!
The wyvern zombie bites your warg!
Your warg bites the wyvern zombie.
The wyvern zombie bites your warg!
Your warg dies!
Your warg's corpse disappears in a puff of smoke!
The wyvern zombie closely misses you.
You hit the wyvern zombie but do no damage.
Lightning courses through the wyvern zombie!
The wyvern zombie is moderately damaged.
The wyvern zombie barely misses you.
You slash the wyvern zombie!
The wyvern zombie is heavily damaged.
The wyvern zombie bites you but does no damage.
The wyvern zombie barely misses you.
You hit the wyvern zombie.
Lightning courses through the wyvern zombie!
You destroy the wyvern zombie!
Casting: Call Canine Familiar (safe; 1% risk of failure)
Confirm with . or Enter, or press ? or * to list all spells.
You feel a surge of power!
No target in view!
Found a flail.
A soldier ant comes into view.
A soldier ant is nearby!
A soldier ant is nearby!
Unknown command.
The soldier ant stings you but does no damage.
You barely miss the soldier ant. The soldier ant completely misses you.
Your warg bites the soldier ant.
You hit the soldier ant but do no damage.
Lightning courses through the soldier ant!
The soldier ant is moderately wounded.
The soldier ant stings you.
Your warg bites the soldier ant!
You barely miss the soldier ant.
The soldier ant is severely wounded.
Your warg barely misses the soldier ant.
The soldier ant stings you!
Your warg bites the soldier ant.
You hit the soldier ant.
You kill the soldier ant!
No target in view!
Psyche the Insane Magess comes into view.
She is wielding a +3 dagger of chaos and carrying a wand of iceblast (4).
Psyche shouts!
Psyche is nearby!
Psyche is nearby!
Psyche is nearby!
Psyche is nearby!
Unknown command.
Casting: Call Canine Familiar (safe; 1% risk of failure)
Confirm with . or Enter, or press ? or * to list all spells.
You feel a surge of power!
An electric hum fills the air.
What are your orders? t - Shout!
Orders for allies: a - Attack new target. r - Retreat! s - Stop attacking. g - Guard the area. f - Follow me.
Anything else - Cancel.
Gang up on whom?
Press: ? - help, Dir - move target, f - Psyche
Aim: Psyche, wielding a +3 dagger of chaos, wearing a +0 robe and carrying a wand of iceblast (4) (ally target) Attack!
Psyche zaps a wand.
The mass of ice explodes!
The iceblast engulfs your warg!
The iceblast engulfs your lightning spire.
Your lightning spire partially resists.
The iceblast engulfs you. You partially resist.
Your lightning spire shoots out a bolt of lightning at Psyche!
The bolt of electricity hits Psyche!!
Your warg misses Psyche.
You see here a +0 plate armour.
Psyche mumbles some strange words.
A swirling arc of seething chaos appears!
The arc of chaos hits your warg. The arc of chaos hits you. You resist.
Your warg barely misses Psyche.
Your lightning spire shoots out a bolt of lightning at Psyche!
The bolt of electricity hits Psyche!
Psyche screams at your lightning spire, "Peace!
Flowers!
Freedom!
Dead adventurers!"
Psyche gestures at herself while chanting.
Psyche flickers and vanishes!
Deactivating autopickup; reactivate with Ctrl-A.
Your warg misses something.
Your warg bites something!
Reactivating autopickup.
You feel a bit more experienced.
Your lightning spire cannot move out of your way!
I - a wand of iceblast (6) (gained 3 charges)
Things that are here:
a +3 dagger of chaos; a +0 robe Your lightning spire disappears in a puff of smoke! 2 hogs come into view.
The hog squeals angrily.
You hear an angry squeal.
A hog comes into view.
Found 13 sling bullets.
Found an escape hatch in the ceiling.
There are monsters nearby!
There are monsters nearby!
Casting: Summon Lightning Spire (mildly dangerous; 1% risk of failure)
Confirm with . or Enter, or press ? or * to list all spells.
You feel a surge of power!
An electric hum fills the air.
The hog squeals angrily.
Okay, then.
What are your orders? t - Shout!
Orders for allies: a - Attack new target. r - Retreat! s - Stop attacking. g - Guard the area. f - Follow me.
Anything else - Cancel.
Gang up on whom?
Press: ? - help, Dir - move target, f - hog
Aim: a hog (ally target) Attack!
Your warg disappears in a puff of smoke!
Kirke, Weaver of Myths comes into view.
The hog bites your lightning spire but does no damage.
Your lightning spire shoots out a bolt of lightning at the hog!
The bolt of electricity hits the hog!
The bolt of electricity hits the hog!!
The hog dies!
The bolt of electricity hits your lightning spire.
Your lightning spire completely resists.
The hog bites your lightning spire but does no damage.
A hog comes into view.
The hog barely misses your lightning spire.
What are your orders? t - Shout!
Orders for allies: a - Attack new target. r - Retreat! s - Stop attacking. g - Guard the area. f - Follow me.
Anything else - Cancel.
Gang up on whom?
Press: ? - help, Dir - move target, f - Kirke
Aim: Kirke Attack!
The hog bites your lightning spire but does no damage.
The hog bites your lightning spire.
The hog bites your lightning spire but does no damage.
Casting: Summon Lightning Spire (mildly dangerous; 1% risk of failure)
Confirm with . or Enter, or press ? or * to list all spells.
You feel a surge of power!
The hog bites your lightning spire but does no damage.
The hog bites your lightning spire.
Your lightning spire shoots out a bolt of lightning at the hog!
The bolt of electricity hits the hog!
What are your orders? t - Shout!
Orders for allies: a - Attack new target. p - Attack previous target. r - Retreat! s - Stop attacking. g - Guard the area. f - Follow me.
Anything else - Cancel.
Gang up on whom?
Press: ? - help, Dir - move target, f/p - Kirke
Aim: Kirke Attack!
The hog bites your lightning spire but does no damage.
The hog completely misses your lightning spire. x2
Your lightning spire shoots out a bolt of lightning at Kirke!
The bolt of electricity hits Kirke!
The hog bites your lightning spire but does no damage.
Kirke hits your lightning spire.
Your warg closely misses the hog.
The hog bites your lightning spire!
A hog comes into view.
The hog bites your lightning spire!
Your lightning spire shoots out a bolt of lightning at the hog!
The bolt of electricity hits the hog!!
The bolt of electricity hits the hog!
Kirke points at you and mumbles some strange words.
You struggle to resist.
Your warg misses the hog.
The hog barely misses your lightning spire.
Your warg bites the hog!
The hog dies!
The hog bites your lightning spire.
Kirke barely misses your lightning spire.
The hog completely misses your lightning spire.
Your lightning spire shoots out a bolt of lightning at the hog!
The bolt of electricity hits the hog!
The hog dies!
The bolt of electricity hits your lightning spire.
Your lightning spire completely resists.
The hog bites your lightning spire. Kirke hits your lightning spire.
Your warg barely misses Kirke.
The hog bites your lightning spire but does no damage.
The hog bites your warg.
Your lightning spire shoots out a bolt of lightning at the hog!
The bolt of electricity hits the hog!
Kirke hits your lightning spire!
Your warg bites the hog.
The hog bites your lightning spire.
Your lightning spire is destroyed!
The hog misses your warg.
Casting: Call Canine Familiar (safe; 1% risk of failure)
Confirm with . or Enter, or press ? or * to list all spells.
You feel a surge of power!
An electric hum fills the air.
Your warg barely misses the hog.
Kirke casts a spell at you.
You struggle to resist.
The hog bites your warg!
Your warg bites the hog!
The hog bites your warg!
Your warg bites the hog.
The hog bites your warg! The hog misses you.
You hit the hog. Lightning courses through the hog!!
You kill the hog!
Kirke splashes a potion.
Your warg barely misses the hog.
The hog bites your warg.
Your warg dies!
Your warg's corpse disappears in a puff of smoke!
Your lightning spire shoots out a bolt of lightning at Kirke!
The bolt of electricity hits Kirke! x2
The bolt of electricity hits your lightning spire.
Your lightning spire completely resists.
Kirke casts a spell at you.
You struggle to resist.
You closely miss Kirke.
Kirke is moderately wounded.
Your lightning spire shoots out a bolt of lightning at the hog!
The bolt of electricity misses the hog.
Kirke hits you!
Casting: Summon Lightning Spire (mildly dangerous; 1% risk of failure)
Confirm with . or Enter, or press ? or * to list all spells.
You feel a surge of power!
The hog bites your lightning spire but does no damage.
Kirke hits you!
You hit Kirke. Lightning courses through Kirke!!
Kirke is heavily wounded.
Your warg barely misses Kirke.
Your lightning spire shoots out a bolt of lightning at the hog!
The bolt of electricity hits Kirke!
The bolt of electricity hits the hog!
The bolt of electricity hits the hog!!
The hog dies!
The bolt of electricity misses Kirke.
The bolt of electricity hits your lightning spire.
Your lightning spire completely resists.
Kirke hits your lightning spire!
You closely miss Kirke.
Kirke is severely wounded.
Your warg barely misses Kirke.
Your lightning spire shoots out a bolt of lightning at Kirke!
The bolt of electricity hits Kirke! x2
The bolt of electricity hits your lightning spire.
Your lightning spire completely resists.
Kirke hits your lightning spire but does no damage.
Your warg bites Kirke!
You hit Kirke.
You kill Kirke!
Your Fighting skill increases to level 7!
You see here the human corpse of Kirke.
Your lightning spire disappears in a puff of smoke!
Key pressed, stopping explore.
Things that are here:
a hog corpse; a hog corpse A cyclops comes into view.
The cyclops shouts!
Found 16 sling bullets.
A cyclops is nearby!
You swap places.
Casting: Call Canine Familiar (safe; 1% risk of failure)
Confirm with . or Enter, or press ? or * to list all spells.
You feel a surge of power!
An electric hum fills the air.
Your lightning spire cannot move out of your way!
Casting: Summon Lightning Spire (mildly dangerous; 1% risk of failure)
Confirm with . or Enter, or press ? or * to list all spells.
You feel a surge of power!
You blink.
Found a curved lead wand.
You swap places.
Casting: Blink (safe; 11% risk of failure)
Confirm with . or Enter, or press ? or * to list all spells.
You feel a surge of power!
You miscast Blink.
You are very lightly contaminated with residual magic.
Nothing appears to happen.
Casting: Blink (safe; 11% risk of failure)
Confirm with . or Enter, or press ? or * to list all spells.
You feel a surge of power!
You blink.
What are your orders? t - Shout!
Orders for allies: a - Attack new target. r - Retreat! s - Stop attacking. g - Guard the area. f - Follow me.
Anything else - Cancel.
Gang up on whom?
Press: ? - help, Dir - move target, f - cyclops
Aim: a cyclops, quivering large rocks (ally target) Attack!
Your warg barely misses the cyclops.
Your warg bites the cyclops!
The cyclops throws a large rock.
The large rock hits your warg!!
Your warg bites the cyclops!
Your warg bites the cyclops.
The cyclops throws a large rock.
The large rock misses your warg.
The large rock hits your lightning spire!
Your warg bites the cyclops!
The cyclops barely misses your warg.
Your warg bites the cyclops!
Your warg bites the cyclops!
The cyclops dies!
Your magical contamination has completely faded away.
Your Spellcasting skill increases to level 7!
Your lightning spire disappears in a puff of smoke!
You swap places.
Things that are here:
3 large rocks; a cyclops corpse
M - a wand of polymorph (4)
An orc comes into view. It is wielding a +0 whip.
The orc shouts!
A necrophage comes into view.
There are monsters nearby!
Casting: Blink (safe; 11% risk of failure)
Confirm with . or Enter, or press ? or * to list all spells.
You feel a surge of power!
Your warg disappears in a puff of smoke!
You swap places.
You barely miss the orc.
Your warg bites the orc.
The orc hits you with a +0 whip.
You hit the orc but do no damage. Lightning courses through the orc!
You kill the orc!
You closely miss the necrophage. The necrophage misses you.
You barely miss the necrophage. The necrophage closely misses you.
Your warg closely misses the necrophage.
The necrophage closely misses you.
You barely miss the necrophage. Your warg misses the necrophage.
Your warg barely misses the necrophage.
The necrophage hits you.
You barely miss the necrophage.
Your warg bites the necrophage.
The necrophage hits you.
Your warg closely misses the necrophage.
You hit the necrophage.
The necrophage is moderately damaged.
The necrophage misses you.
Your warg bites the necrophage.
You slash the necrophage!
Lightning courses through the necrophage!!
You destroy the necrophage!
No target in view!
No target in view!
No target in view!
No target in view!
Things that are here:
a +0 whip; a +0 ring mail
Things that are here:
a +0 mace; a +0 chain mail
Things that are here:
a +0 dagger; a +0 robe You swap places.
Things that are here:
a +0 flail; a +0 leather armour
Found a stone staircase leading up.
You swap places.
Things that are here:
a +0 flail; a +0 leather armour A kobold demonologist comes into view.
It is wielding a +0 dagger.
The kobold demonologist shouts!
Found 21 bolts.
A kobold demonologist is nearby!
A kobold demonologist is nearby!
A kobold demonologist is nearby!
You slash the kobold demonologist!
The kobold demonologist is moderately wounded.
The kobold demonologist hits you but does no damage.
The kobold demonologist hits you with a +0 dagger.
You hit the kobold demonologist.
The kobold demonologist is moderately wounded.
The kobold demonologist looks encouraged for a moment.
You miss the kobold demonologist.
The kobold demonologist is moderately wounded.
The kobold demonologist barely misses you.
You hit the kobold demonologist but do no damage.
The kobold demonologist is moderately wounded.
The kobold demonologist hits you with a +0 dagger.
You miss the kobold demonologist.
The kobold demonologist is moderately wounded.
The kobold demonologist begins to cast a cantrip, but forgets the words!
You closely miss the kobold demonologist.
The kobold demonologist is moderately wounded.
The kobold demonologist misses you.
The kobold demonologist hits you but does no damage.
You hit the kobold demonologist but do no damage.
The kobold demonologist is moderately wounded.
The kobold demonologist hits you with a +0 dagger.
You hit the kobold demonologist.
The kobold demonologist is moderately wounded.
The kobold demonologist mumbles some strange words.
The kobold demonologist hits your warg but does no damage.
Your warg bites the kobold demonologist.
The kobold demonologist hits your warg but does no damage.
Your warg bites the kobold demonologist!
Your warg barely misses the kobold demonologist.
The kobold demonologist closely misses your warg.
Your warg closely misses the kobold demonologist.
The kobold demonologist mumbles some strange words.
Your warg misses the kobold demonologist.
The kobold demonologist hits your warg with a +0 dagger.
The chaos spawn barely misses you.
Your warg bites the kobold demonologist!
The kobold demonologist dies!
The quasit disappears in a puff of smoke!
The iron imp disappears in a puff of smoke!
The chaos spawn degenerates into a cloud of primal chaos!
You swap places.
Things that are here:
a +0 dagger; a +0 robe You see here 21 bolts.
You swap places.
Things that are here:
a +0 dagger; a +0 robe You see here the human skeleton of Kirke.
Your warg disappears in a puff of smoke!
You see here 13 sling bullets.
Jorgrun Earthshaker comes into view.
He is wielding a staff of earth.
Jorgrun shouts!
Found a scroll of fog.
Jorgrun is nearby!
Jorgrun is nearby!
You hear a grinding noise.
Jorgrun casts a spell at you. The iron shot hits you!!
Jorgrun points at you and mumbles some strange words.
You are slowing down.
Unknown command.
Your limbs are stiffening.
There is an escape hatch in the ceiling here.
Unknown command.
Unknown command.
Jorgrun casts a spell at you. The iron shot hits you!!!
* * * LOW HITPOINT WARNING * * *
You have turned to stone.
Jorgrun hits you with a staff of earth.
* * * LOW HITPOINT WARNING * * *
Jorgrun shatters you. Jorgrun hits you with a staff of earth!
* * * LOW HITPOINT WARNING * * *
Jorgrun shatters you!
* * * LOW HITPOINT WARNING * * *
Jorgrun hits you with a staff of earth!
* * * LOW HITPOINT WARNING * * *
Jorgrun shatters you!
* * * LOW HITPOINT WARNING * * *
Jorgrun hits you but does no damage. Jorgrun shatters you.
* * * LOW HITPOINT WARNING * * *
Jorgrun hits you with a staff of earth.
* * * LOW HITPOINT WARNING * * *
Jorgrun shatters you!
* * * LOW HITPOINT WARNING * * *
Jorgrun hits you with a staff of earth!
* * * LOW HITPOINT WARNING * * *
Jorgrun hits you with a staff of earth!
You die...

#.#.()..#.#
#.#######.#
##########.........#
#.........÷.########
#..........÷.# #
#....(....÷..# #
#............# #
#............# #
#..@.........# #
#..g.........# #
##..########.# #
##.## #.# # #..# #.#
# #.#.# #.#######
..?.....# #........
######### #########


You could see Jorgrun.

Vanquished Creatures
  Kirke (D:12)
  An unseen horror (D:12)
  An ugly thing (D:8)
  2 yaks (D:10)
  A wyvern (D:10)
  A hog (D:12)
  A soldier ant (D:12)
  2 water moccasins (D:10)
  An orc warrior (D:11)
  A sky beast (D:7)
  A black bear (D:7)
  2 necrophages
  3 centaurs
  2 phantoms
  5 bullfrogs
  2 wyvern zombies
  A wyvern skeleton (D:7)
  7 scorpions (Ossuary)
  2 killer bees
  A nameless horror (Ossuary)
  3 wights (D:8)
  An electric eel (D:10)
  2 howler monkeys (D:6)
  2 centaur zombies
  A bullfrog zombie (D:9)
  2 human zombies (Ossuary)
  5 hounds
  3 orc priests
  4 jellies
  4 centaur skeletons
  Jessica (D:3)
  2 iguanas
  7 orc wizards
  A worker ant (D:5)
  Terence (D:2)
  2 hound skeletons
  3 mummies
  A worker ant zombie (D:8)
  7 gnolls
  A scorpion zombie (Ossuary)
  6 adders
  A shadow imp (D:5)
  5 white imps
  An ufetubus (D:10)
  An ooze (D:5)
  2 adder skeletons
  3 worms
  A dart slug (D:3)
  7 leopard geckos
  42 orcs
  2 ball pythons
  5 giant cockroaches
  2 gnoll zombies (Ossuary)
  11 goblins
  3 hobgoblins
  2 jackals (D:3)
  4 quokkas
  4 bats
  7 frilled lizards
  A goblin skeleton (D:7)
  4 goblin zombies
  4 hobgoblin zombies
  6 kobolds
  A kobold skeleton (D:7)
  5 kobold zombies (Ossuary)
  A leopard gecko zombie (D:5)
  An orc skeleton (D:7)
  8 rats
231 creatures vanquished.

Vanquished Creatures (collateral kills)
  Erolcha (D:12)
  A boulder beetle (D:12)
  2 death knights (D:12)
  A two-headed ogre (D:11)
  Sonja (D:11)
  An unseen horror (D:12)
  An ugly thing (D:12)
  A cyclops (D:12)
  A gargoyle (D:11)
  2 kobold demonologists
  Psyche (D:12)
  2 komodo dragons
  A freezing wraith (D:12)
  3 trolls
  5 slime creatures (D:12)
  A spriggan (D:10)
  A vampire (D:12)
  5 wraiths
  12 yaks (D:10)
  4 hogs (D:12)
  6 wyverns
  2 steam dragons
  3 vampire mosquitoes (D:10)
  4 water moccasins
  A black bear (D:8)
  6 orc warriors
  A necrophage (D:11)
  A hornet zombie (D:7)
  2 sky beasts
  4 ogres
  9 centaurs
  3 kobold brigands
  3 bullfrogs
  5 scorpions
  13 wights
  11 killer bees
  2 howler monkeys (D:9)
  A jelly (D:9)
  5 orc priests
  2 hounds
  3 iguanas
  7 orc wizards
  A hound zombie (D:8)
  2 hound skeletons
  A mummy (Ossuary)
  3 scorpion zombies (Ossuary)
  A shadow imp (D:9)
  A white imp (D:7)
  32 orcs
  4 kobolds
  A quokka (D:12)
  A goblin skeleton (D:7)
  An orc skeleton (D:7)
  An orc zombie (D:7)
190 creatures vanquished.

Vanquished Creatures (others)
  A scorpion (Ossuary)
  2 orc wizards
  2 bushes (D:10)
  4 fungi (D:10)
  22 plants
31 creatures vanquished.

Grand Total: 452 creatures vanquished

Notes
Turn   | Place    | Note
-------+----------+-------------------------------------------
     0 | D:1      | sleeves the Demigod Fighter began the quest for the Orb.
     0 | D:1      | Reached XP level 1. HP: 18/18 MP: 3/3
    83 | D:1      | Reached skill level 2 in Axes
   106 | D:1      | Found Hublut's Distillery.
   382 | D:1      | Reached XP level 2. HP: 24/25 MP: 4/4
   384 | D:1      | Learned a level 1 spell: Magic Dart
   690 | D:1      | Found Vyrchaysa's Jewellery Shoppe.
  1308 | D:2      | Noticed Terence
  1598 | D:1      | HP: 12/25 [rat (2)]
  1599 | D:1      | Reached XP level 3. HP: 14/30 MP: 6/6
  1601 | D:1      | Reached skill level 1 in Conjurations
  1859 | D:2      | Found Dupryoggor's General Store.
  2130 | D:2      | Reached skill level 3 in Axes
  2130 | D:2      | Reached skill level 1 in Spellcasting
  2141 | D:1      | HP: 11/30 [gnoll/+0 flail (11)]
  2242 | D:1      | HP: 15/30 [gnoll/+0 flail (6)]
  3265 | D:3      | Reached XP level 4. HP: 33/37 MP: 2/8
  3355 | D:3      | Learned a level 2 spell: Blink
  3422 | D:3      | Reached skill level 2 in Conjurations
  3516 | D:3      | Noticed Jessica
  3522 | D:3      | Killed Jessica
  3523 | D:3      | Reached skill level 2 in Spellcasting
  4163 | D:3      | Found Bute's Weapon Shop.
  4679 | D:3      | HP: 17/37 [orc/+2 vampiric dagger (5)]
  4721 | D:3      | HP: 17/37 [orc/+2 vampiric dagger (5)]
  5019 | D:2      | HP: 17/37 [Terence/+0 hand axe (9)]
  5104 | D:2      | HP: 15/37 [Terence/+0 hand axe (7)]
  5151 | D:2      | HP: 13/37 [Terence/+0 hand axe (8)]
  5217 | D:2      | Killed Terence
  5218 | D:2      | Reached XP level 5. HP: 24/42 MP: 5/11
  5519 | D:4      | Found Kihaick's Armour Emporium.
  6488 | D:4      | Reached skill level 3 in Conjurations
  6497 | D:4      | HP: 20/42 [orc/+0 short sword (4)]
  6514 | D:4      | HP: 9/42 [orc/+0 short sword (7)]
  6980 | D:4      | Reached skill level 3 in Spellcasting
  7181 | D:5      | Entered Level 5 of the Dungeon
  7399 | D:5      | Noticed a centaur
  7403 | D:5      | HP: 20/42 [centaur/+0 hand axe (7)]
  7405 | D:5      | Killed a centaur
  7406 | D:5      | Reached skill level 4 in Conjurations
  7406 | D:5      | Reached XP level 6. HP: 16/50 MP: 13/13
  7923 | D:5      | Learned a level 3 spell: Dazzling Flash
  8122 | D:5      | Identified Vehumet's Reference Book on Conjuration
  8588 | D:6      | Reached skill level 5 in Conjurations
  8778 | D:6      | Learned a level 4 spell: Summon Lightning Spire
  8839 | D:6      | Found Gozag's Platinum Reserve.
  8870 | D:6      | Reached XP level 7. HP: 56/56 MP: 14/14
  8911 | D:6      | HP: 22/56 [centaur/arrow (9)]
  8915 | D:6      | HP: 10/56 [gnoll/+0 whip (13)]
  9312 | D:6      | Reached skill level 1 in Air Magic
  9510 | D:6      | HP: 25/56 [centaur/arrow (9)]
  9513 | D:6      | Reached skill level 1 in Summonings
  9513 | D:6      | Reached skill level 2 in Air Magic
 10012 | D:6      | Found a staircase to the Ecumenical Temple.
 10200 | D:6      | Reached skill level 2 in Summonings
 10385 | D:7      | Reached skill level 3 in Air Magic
 10462 | D:7      | Reached skill level 3 in Summonings
 10471 | D:7      | Found a sand-covered staircase.
 10479 | Ossuary  | Entered an ossuary
 10839 | Ossuary  | Reached XP level 8. HP: 52/62 MP: 14/15
 10983 | Ossuary  | HP: 30/62 [mummy (8)]
 10995 | Ossuary  | HP: 27/62 [scorpion (6)]
 10997 | Ossuary  | HP: 9/62 [something (17)]
 11002 | Ossuary  | Gained mutation: You can translocate small distances at
                  | will. [potion of mutation]
 11002 | Ossuary  | Gained mutation: Your flesh is cold resistant. (rC+)
                  | [potion of mutation]
 11002 | Ossuary  | Gained mutation: You expend magic power (3 MP) to
                  | strengthen your wands. [potion of mutation]
 11003 | Ossuary  | HP: 5/62 [poisoned by a scorpion]
 11008 | Ossuary  | HP: 4/62 [poisoned by a scorpion]
 11017 | Ossuary  | HP: 3/62 [poisoned by a scorpion]
 11023 | Ossuary  | HP: 3/62 [poisoned by a scorpion]
 11029 | Ossuary  | HP: 3/62 [poisoned by a scorpion]
 11035 | Ossuary  | HP: 3/62 [poisoned by a scorpion]
 11351 | Ossuary  | Reached skill level 4 in Air Magic
 11448 | Ossuary  | Learned a level 3 spell: Call Canine Familiar
 11584 | Ossuary  | Reached skill level 4 in Summonings
 12370 | D:7      | Reached skill level 5 in Air Magic
 12438 | D:7      | HP: 23/62 [centaur/arrow (12)]
 12452 | D:7      | HP: 25/62 [centaur/arrow (1)]
 12458 | D:7      | HP: 12/62 [centaur/arrow (12)]
 12460 | D:7      | Reached skill level 5 in Summonings
 12479 | D:7      | HP: 12/62 [orc/+0 dagger (4)]
 12495 | D:7      | HP: 11/62 [orc/+0 dagger (4)]
 13255 | D:7      | HP: 31/62 [hornet zombie (3)]
 13311 | D:7      | HP: 31/62 [poisoned by a kobold brigand]
 13316 | D:7      | HP: 28/62 [poisoned by a kobold brigand]
 13321 | D:7      | HP: 26/62 [poisoned by a kobold brigand]
 13326 | D:7      | HP: 25/62 [poisoned by a kobold brigand]
 13333 | D:7      | HP: 25/62 [poisoned by a kobold brigand]
 13341 | D:7      | HP: 24/62 [poisoned by a kobold brigand]
 13743 | D:8      | Noticed a white ugly thing
 13801 | D:8      | Reached skill level 6 in Air Magic
 13828 | D:8      | Reached XP level 9. HP: 42/68 MP: 11/16
 13829 | D:8      | HP: 31/68 [iguana (12)]
 13834 | D:7      | HP: 30/68 [iguana (2)]
 14067 | D:8      | Reached skill level 6 in Summonings
 14408 | D:8      | Killed a white ugly thing
 14510 | D:8      | Reached skill level 7 in Air Magic
 14593 | D:8      | HP: 27/68 [centaur/arrow (16)]
 15031 | D:8      | Reached skill level 7 in Summonings
 15850 | D:9      | Identified the +0 pair of boots of the Morning Star {rElec
                  | rPois Stlth-}
 16508 | D:9      | Reached skill level 8 in Air Magic
 16889 | D:10     | Entered Level 10 of the Dungeon
 17008 | D:10     | Reached skill level 8 in Summonings
 17200 | D:10     | Reached skill level 3 in Fighting
 17240 | D:10     | HP: 29/69 [orc priest/+0 flail (7)]
 17243 | D:10     | Reached XP level 10. HP: 33/77 MP: 18/18
 17724 | D:10     | Reached skill level 6 in Conjurations
 17902 | D:10     | Reached skill level 4 in Spellcasting
 17958 | D:10     | Reached skill level 4 in Fighting
 18017 | D:10     | Found a transporter.
 18019 | D:10     | Noticed a two-headed ogre
 18020 | D:10     | Found a transporter.
 18130 | D:10     | Found a transporter.
 18224 | D:10     | HP: 37/78 [vampire mosquito (3)]
 18230 | D:10     | HP: 28/79 [vampire mosquito (3)]
 18462 | D:10     | Found a transporter.
 18750 | D:10     | HP: 36/80 [yak (13)]
 18751 | D:10     | Found a staircase to the Lair.
 19078 | D:10     | Found a transporter.
 19433 | D:11     | Reached skill level 9 in Summonings
 19495 | D:11     | Noticed a two-headed ogre
 20025 | D:11     | Reached skill level 5 in Fighting
 20036 | D:11     | Reached skill level 7 in Conjurations
 20181 | D:11     | Noticed Sonja
 20184 | D:11     | HP: 38/81 [asphyx]
 20188 | D:11     | HP: 6/81 [centaur/arrow (17)]
 20210 | D:11     | Killed Sonja
 20211 | D:11     | Reached skill level 5 in Spellcasting
 20764 | D:11     | Identified the +1 pair of gloves "Zapnal" {Str+6 Int+2}
 20867 | D:11     | Reached XP level 11. HP: 88/88 MP: 22/22
 20995 | D:11     | Found a staircase to the Orcish Mines.
 21272 | D:11     | HP: 36/88 [two-headed ogre/+0 giant club (24)]
 21280 | D:11     | Killed a two-headed ogre
 21764 | D:12     | Learned a level 4 spell: Summon Ice Beast
 21764 | D:12     | Noticed Erolcha
 21773 | D:12     | Killed Erolcha
 22115 | D:12     | Noticed a death knight
 22168 | D:12     | Killed a death knight
 22169 | D:12     | Reached skill level 6 in Fighting
 22256 | D:12     | Killed an unseen horror
 22398 | D:12     | Reached skill level 6 in Spellcasting
 22776 | D:12     | Noticed a boulder beetle
 22784 | D:12     | Noticed a death knight
 22790 | D:12     | Killed a boulder beetle
 22797 | D:12     | Killed a death knight
 22858 | D:12     | Killed an unseen horror
 22942 | D:12     | Reached skill level 10 in Summonings
 23267 | D:12     | Noticed Psyche
 23274 | D:12     | Killed Psyche
 23322 | D:12     | Noticed Kirke
 23339 | D:12     | Killed Kirke
 23340 | D:12     | Reached skill level 7 in Fighting
 23456 | D:12     | Reached skill level 7 in Spellcasting
 23711 | D:12     | Noticed Jorgrun
 23717 | D:12     | HP: 44/92 [Jorgrun/iron shot (26)]
 23722 | D:12     | HP: 28/92 [Jorgrun/staff of earth (6)]
 23724 | D:12     | HP: 10/92 [Jorgrun/staff of earth (7)]
 23725 | D:12     | HP: 3/92 [Jorgrun/staff of earth (8)]
 23726 | D:12     | Slain by Jorgrun

Illustrated notes

Levels and vault maps discovered:
D:1:      mrwooster_arrival_statue_2, layout_basic, serial_shops, shop,
          nicolae_shop_crystal, serial_corexii_hall, corexii_hall_statues_x,
          corexii_hall_statues_x, chequers_hall_statues_y,
          chequers_serial_rivers_small_a, roderic_three_in_a_row
D:2:      layout_basic, overflow_temple_1_default, serial_shops, shop,
          uniq_terence
D:3:      layout_basic, minitemple, serial_shops, nicolae_shop_window_shopping,
          uniq_jessica
D:4:      layout_gridville, fedhas_ov_isle_minmay, serial_shops, shop,
          minmay_close_crescents
D:5:      layout_loops_corners, grunt_temple_overflow_magic_moments,
          slow_altar_2, nicolae_uskayaw_dance_hall
D:6:      layout_basic, nicolae_gozag_zags_fifth_avenue, old_standard_altar,
          minmay_temple_entry_slanted, hangedman_decor_points
D:7:      layout_rooms, nicolae_tso_besieged_by_evil, enter_ossuary_1,
          enter_bailey_5
D:8:      nicolae_whirlpool, layout_cave_pools, kennysheep_little_box
D:9:      layout_big_octagon, hex_large, minmay_diced_spiral
D:10:     gammafunk_the_bubble [the_bubble_gammafunk_roulette], layout_basic,
          minmay_lair_entry_grove, grunt_decor_cap, the_bakery
D:11:     layout_basic, hiddenorc1_lemuel, uniq_sonja
D:12:     layout_basic, uniq_erolcha, uniq_psyche, uniq_kirke, uniq_jorgrun

Skill      XL: |  1  2  3  4  5  6  7  8  9 10 11 |
---------------+----------------------------------+-----
Axes           | 2 3 |  3.0
Conjurations   | 1 2 4 5 7 |  7.3
Spellcasting   | 1 2 3 5 7 |  7.0
Air Magic      | 3 6 8 |  8.0
Summonings     | 3 5 8 9 10 | 10.0
Fighting       | 3 5 7 |  7.3
Armour         | |  2.6
Shields        | |  2.6

Action                   |  1- 3 |  4- 6 |  7- 9 | 10-12 || total
-------------------------+-------+-------+-------+-------++-------
Melee: War axe           |   139 |    11 |    37 |    41 ||   228
       Hand axe          |       |       |       |   176 ||   176
 Cast: Magic Dart        |    10 |   258 |   429 |    68 ||   765
       Blink             |       |     7 |     5 |     6 ||    18
       Dazzling Flash    |       |       |     5 |       ||     5
       Call Canine Famil |       |       |    40 |    59 ||    99
       Summon Lightning  |       |       |    20 |    41 ||    61
Evoke: Wand              |       |       |     6 |     1 ||     7
  Use: Potion            |       |     1 |     5 |     1 ||     7
       Scroll            |       |       |     1 |    16 ||    17
 Stab: Distracted        |       |       |     1 |     1 ||     2
Armor: Scale mail        |    54 |       |       |       ||    54
       Leather armour    |     9 |     2 |       |       ||    11
       Robe              |       |    11 |    46 |    72 ||   129
Dodge: Dodged            |    85 |    48 |   161 |   240 ||   534

Table legend: (Time is in decaauts)
 A = Elapsed time spent in this place.
 B = Non-inter-level travel time spent in this place.
 C = Inter-level travel time spent in this place.
 D = Time resting spent in this place.
 E = Time spent auto-exploring this place.
 F = Levels seen in this place.
 G = Mean time per level.
                   A        B        C        D        E       F      G
               +--------+--------+--------+--------+--------+-----+--------+
         Total |  23853 |  22976 |    877 |   2943 |  15650 |  13 | 1834.8 |
       Dungeon |  21996 |  21119 |    877 |   2534 |  14532 |  12 | 1833.0 |
       Ossuary |   1857 |   1857 |      0 |    409 |   1118 |   1 | 1857.0 |
               +--------+--------+--------+--------+--------+-----+--------+

Top non-repeatable levels by time:
    D:10: 2569 daAuts
    D:11: 2360 daAuts
     D:1: 2143 daAuts
     D:3: 2095 daAuts
    D:12: 1977 daAuts
 Ossuary: 1857 daAuts
     D:7: 1827 daAuts
     D:6: 1787 daAuts
     D:8: 1732 daAuts
     D:2: 1532 daAuts
     D:4: 1477 daAuts
     D:5: 1305 daAuts
     D:9: 1187 daAuts
